 Dungeon Crawl Stone Soup version 0.28.0 (webtiles) character file.

Game seed: 6775220614683516302

333 hikkokomori the Skirmisher (level 6, -3/56 HPs)
             Began as a Minotaur Berserker on Feb 6, 2022.
             Was a Believer of Trog.
             Slain by Sigmund (13 damage)
             ... on level 4 of the Dungeon.
             The game lasted 00:03:54 (3128 turns).

hikkokomori the Skirmisher (Minotaur Berserker)     Turns: 3128, Time: 00:03:55

Health: -3/56      AC:  8    Str: 22    XL:     6   Next: 27%
Magic:  5/5        EV: 12    Int:  4    God:    Trog [**....]
Gold:   146        SH:  0    Dex: 11    Spells: 5/5 levels left

rFire   . . .      SeeInvis .   a - +0 hand axe
rCold   + . .      Faith    .   (no shield)
rNeg    . . .      Spirit   .   q - +2 ring mail {rC+}
rPois   .          Reflect  .   (helmet restricted)
rElec   .          Harm     .   (no cloak)
rCorr   .          Rampage  .   (no gloves)
Will    ++...                   (no boots)
Stlth   +.........              (no amulet)
HPRegen 1.18/turn               (no ring)
MPRegen 0.09/turn               (no ring)

@: strong-willed, on berserk cooldown, regenerating, slowed, very slow
A: horns 2, retaliatory headbutt
a: Renounce Religion, Berserk, Trog's Hand


You were on level 4 of the Dungeon.
You worshipped Trog.
Trog was pleased with you.
You visited 1 branch of the dungeon, and saw 4 of its levels.

You collected 146 gold pieces.

Inventory:

Hand Weapons
 a - a +0 hand axe (weapon)
 n - a +2 antimagic mace
Armour
 b - a +0 animal skin
 c - a +0 ring mail
 q - a +2 ring mail of cold resistance (worn)
Scrolls
 d - a scroll of enchant weapon {unknown}
 f - a scroll of enchant armour {unknown}
 g - 3 scrolls of identify {unknown}
 i - a scroll of fog {unknown}
 k - 2 scrolls of blinking {unknown}
 m - a scroll of amnesia {unknown}
 p - a scroll of magic mapping {unknown}
Potions
 e - 2 potions of curing
 h - 2 potions of magic {unknown}
 j - 2 potions of lignification {unknown}
 l - a potion of might {unknown}
 o - a potion of attraction {unknown}


   Skills:
 + Level 5.2 Fighting
 + Level 5.2 Axes
 + Level 4.5 Armour
 + Level 4.1 Dodging


You had 5 spell levels left.
You didn't know any spells.
Your spell library was empty.

Dungeon Overview and Level Annotations

Branches:
Dungeon (4/15)
 Temple: D:4-7

Altars:
Wu Jian
Yredelemnul

Annotations:
D:4 3 runed translucent doors, Sigmund; delverdan's ghost, amateur DsGl


Innate Abilities, Weirdness & Mutations

You have a pair of horns on your head.
You reflexively headbutt those who attack you in melee.


Message History

Your Axes skill increases to level 5!
Your Dodging skill increases to level 4!
You have reached level 6!
Sigmund and a ball python come into view.
Sigmund is wielding a +2 scythe of pain.
Sigmund shouts!
The hobgoblin hits you but does no damage.
Things that are here:
a +0 giant club; an ogre corpse You slash the hobgoblin!
You kill the hobgoblin!
Trog accepts your kill.
You hit the iguana. Your headbutt misses the iguana.
The iguana is moderately wounded.
Sigmund casts a spell.
Sigmund flickers and vanishes!
Deactivating autopickup; reactivate with Ctrl-A.
You slash the iguana!
The iguana is almost dead.
The iguana hisses menacingly.
The iguana bites you.
* * * LOW HITPOINT WARNING * * *
You barely miss the iguana.
The iguana is almost dead.
The iguana barely misses you. You furiously retaliate!
You headbutt the iguana!
You kill the iguana!
Trog accepts your kill.
Okay, then.
You feel a strong urge to attack something.
You are no longer berserk.
You are exhausted.
You feel yourself slow down. The ball python closely misses you.
You furiously retaliate!
You headbutt the ball python.
You kill the ball python!
Trog accepts your kill.
Your skin crawls.
You feel strong-willed. Something hits you!
You die...

#.#....#S# #.#
....... #.# #.†.# #.#
#)# #.# #.# #####.#
#.# .#######.##..#
#.# ........#.#.####
#.###########........
#..†@.....(......####
###############......
##.#### #.# # #.# #
#.# # #.# # # #


There were no monsters in sight!

Vanquished Creatures
  An ogre (D:4)
  A hound (D:4)
  An orc priest (D:3)
  An iguana (D:4)
  A hound zombie (D:4)
  3 gnolls (D:3)
  6 adders
  An adder zombie (D:4)
  A worm (D:3)
  A dart slug (D:1)
  4 orcs
  5 ball pythons
  2 endoplasms (D:1)
  2 giant cockroaches (D:3)
  6 goblins
  3 hobgoblins
  2 quokkas
  2 bats (D:1)
  4 frilled lizards
  6 kobolds
  5 rats
58 creatures vanquished.

Notes
Turn   | Place    | Note
-------+----------+-------------------------------------------
     0 | D:1      | hikkokomori the Minotaur Berserker began the quest for the
                  | Orb.
     0 | D:1      | Reached XP level 1. HP: 19/19 MP: 0/0
   367 | D:1      | Reached XP level 2. HP: 23/27 MP: 1/1
   447 | D:1      | Found a faded altar of an unknown god.
  1292 | D:2      | Reached XP level 3. HP: 20/33 MP: 2/2
  2002 | D:3      | Reached ** piety under Trog
  2064 | D:3      | Found an ornate altar of the Wu Jian Council.
  2233 | D:3      | Reached XP level 4. HP: 41/41 MP: 3/3
  2536 | D:3      | Reached XP level 5. HP: 15/47 MP: 4/4
  2857 | D:4      | Found a runed translucent gate.
  2857 | D:4      | Found a runed translucent gate.
  2857 | D:4      | Found a runed translucent gate.
  2857 | D:4      | Noticed delverdan's ghost (amateur DsGl)
  2860 | D:4      | Found a basalt altar of Yredelemnul.
  3107 | D:4      | Noticed an ogre
  3115 | D:4      | Killed an ogre
  3116 | D:4      | Reached skill level 5 in Fighting
  3116 | D:4      | Reached skill level 5 in Axes
  3116 | D:4      | Reached XP level 6. HP: 10/56 MP: 5/5
  3116 | D:4      | Noticed Sigmund
  3128 | D:4      | Slain by Sigmund

Illustrated notes

Levels and vault maps discovered:
D:1:      ncdulo_lavacross, layout_basic,
          shapermc_ecumenical_altar_starsandcircs
D:2:      layout_basic
D:3:      layout_basic, mainiacjoe_overflow_six_doors_small
D:4:      layout_loops_ring, cheibriados_altar_1,
          nicolae_yredelemnul_ghost_church, uniq_sigmund, uniq_duvessa

Skill      XL: |  1  2  3  4  5 |
---------------+----------------+-----
Fighting       | 4 5 |  5.2
Armour         | 3 4 |  4.5
Axes           | 4 5 |  5.2
Dodging        | 3 4 |  4.1

Action                   |  1- 3 |  4- 6 || total
-------------------------+-------+-------++-------
Melee: Hand axe          |    87 |    47 ||   134
       Headbutt          |    10 |    12 ||    22
Invok: Berserk           |       |     2 ||     2
       Trog's Hand       |       |     1 ||     1
Armor: Animal skin       |     1 |       ||     1
       Ring mail         |    30 |     9 ||    39
Dodge: Dodged            |    49 |    27 ||    76
